Unix NetHack Version 5.0.0-0 post-release - last build May 22 2026 02:22:16 (99d1c3b6dc4b13757aaa5824b55bdea4e1e63757,branch:main).

Game began 2026-05-22 19:10:48, ended 2026-05-22 19:26:00.

ArrBianca, neutral female human Tourist

       ------
       |.....#
       |....|#####
       |....|[   ###########    ###############
       |.<..|#             #### #-------------#                 |
       |....|#                ###.C.........C|##           .....|
       ------#                  #|.....C.....|##    ............|
             #  #################|...-----...|#            .....|###########
             ####               #|...|.{.....|#####             |#     ----+--
               ##               #|..C|{.{|C..|#####              #     |.....|
               ##               #|...|.{.|...|    ###############0     |0.^..|
               ##               #|...-----...|               ##########......|
                #|.).Mf-       ##|.....C.....|              ##         -------
                #.)..u@|        #|C.........C|        #######
                #-------        #-------------#   #####
                               ####################

ArrBianca the Sightseer     St:12 Dx:13 Co:16 In:11 Wi:10 Ch:16  Neutral
Dlvl:5  $:850 HP:0(39) Pw:19(19) AC:9  Xp:4 T:1776 

Latest messages:
 Are you sure you want to pray? [yn] (n) y
 You begin praying to The Lady.
 You are surrounded by a shimmering light.
 The pony starts to attack you, but pulls back.
 You hear a nearby zap.
 "I've met smarter (and prettier) acid blobs."
 The pony starts to attack you, but pulls back.
 The pony starts to attack you, but pulls back.
 You hear a nearby zap.
 The kobold mummy starts to attack you, but pulls back.
 The pony starts to attack you, but pulls back.
 The pony starts to attack you, but pulls back.
 You finish your prayer.
 You feel that The Lady is pleased.
 You feel much better.
 In what direction? y
 The dart hits the kobold mummy.
 The kobold mummy hits!
 The pony kicks!
 The pony bites!
 The pony kicks!
 The pony bites!
 In what direction? y
 The dart misses the kobold mummy.
 The pony kicks!
 The pony bites!
 The pony kicks!
 The pony bites!
 In what direction? h
 The dart misses the pony.
 The kitten bites!
 The kobold mummy hits!
 The pony kicks!
 The pony bites!
 The kitten bites!
 The pony kicks!
 The pony bites!
 In what direction? h
 The dart misses the pony.
 The kitten bites!
 The kobold mummy hits!
 The pony kicks!
 The pony bites!
 In what direction? h
 The dart hits the pony.
 The kitten bites!
 The pony kicks!
 You die...
 Do you want your possessions identified? [ynq] (y) n
 Do you want to see your attributes? [ynq] (y) q

Inventory:
 Coins    ('$')
  $ - 850 gold pieces
 Weapons  (')')
  a - 7 +2 darts (at the ready)
  u - 8 +1 darts
  n - 2 +0 orcish daggers (wielded)
 Armor    ('[')
  m - an uncursed +0 orcish helm (being worn)
  j - an uncursed +0 Hawaiian shirt with an orchid motif (being worn)
 Comestibles  ('%')
  b - 7 uncursed food rations
  f - an uncursed tripe ration
 Scrolls  ('?')
  i - 4 uncursed scrolls of magic mapping
 Potions  ('!')
  p - an uncursed potion of booze
 Tools    ('(')
  l - an uncursed credit card
  k - an expensive camera (0:72)
  s - an uncursed leash
  g - an uncursed mirror
 Gems/Stones  ('*')
  o - an uncursed worthless piece of black glass

ArrBianca the Tourist's attributes:

Background:
 You were a Sightseer, a level 4 female human Tourist.
 You were neutral, on a mission for The Lady
 who was opposed by Blind Io (lawful) and Offler (chaotic).
 You were right-handed.
 You were in the Dungeons of Doom, on level 5.
 You entered the dungeon 1776 turns ago.
 You had 152 experience points, 8 more were needed to attain level 5.

Basics:
 You had 0 out of 39 hit points.
 You had all 19 energy points (spell power).
 Your armor class was 9.
 Your wallet contained 850 zorkmids.
 Autopickup was on for '$?!/="+%' plus thrown, with exceptions.

Final Characteristics:
 Your strength was 12 (limit:18/100).
 Your dexterity was 13 (limit:18).
 Your constitution was 16 (limit:18).
 Your intelligence was 11 (limit:18).
 Your wisdom was 10 (limit:18).
 Your charisma was 16 (limit:18).

Final Status:
 You weren't hungry.
 You were unencumbered.
 You were wielding daggers.
 You were unskilled in dagger and could have enhanced that.

Final Attributes:
 You were fervently aligned.
 You were telepathic.
 You are dead.

Miscellaneous:
 You didn't encounter any bones levels.
 Total elapsed playing time was 14 minutes and 35 seconds.

Major events:
 Turn
    1: ArrBianca the neutral female human Tourist entered the dungeon
  880: attained the rank of Sightseer (level 3)
 1666: consulted the Oracle
 1776: killed by a pony

You didn't know any spells.

Skills:
 Fighting Skills
   bare handed combat [Unskilled]
   two weapon combat  [Unskilled]
   riding             [Unskilled]
 Weapon Skills
   dagger             [Unskilled]
   knife              [Unskilled]
   axe                [Unskilled]
   pick-axe           [Unskilled]
   short sword        [Unskilled]
   broadsword         [Unskilled]
   long sword         [Unskilled]
   two-handed sword   [Unskilled]
   saber              [Unskilled]
   mace               [Unskilled]
   morning star       [Unskilled]
   flail              [Unskilled]
   hammer             [Unskilled]
   quarterstaff       [Unskilled]
   polearms           [Unskilled]
   spear              [Unskilled]
   trident            [Unskilled]
   lance              [Unskilled]
   bow                [Unskilled]
   sling              [Unskilled]
   crossbow           [Unskilled]
   dart               [Basic]
   shuriken           [Unskilled]
   boomerang          [Unskilled]
   whip               [Unskilled]
   unicorn horn       [Unskilled]
 Spellcasting Skills
   divination spells  [Unskilled]
   enchantment spells [Unskilled]
   escape spells      [Unskilled]

Voluntary challenges:
 Character rerolling was not enabled.
 You never genocided any monsters.
 You never polymorphed an object.
 You never changed form.
 You used no wishes.
Achievements:
 You attained the rank of Sightseer.
 You consulted the Oracle of Delphi.

 The Dungeons of Doom: levels 1 to 5
    Level 1:
       Some fountains, some sinks.
    Level 2:
       Some fountains.
    Level 3:
    Level 4:
       A fountain.
    Level 5: <- You were here.
       Many fountains.
       Oracle of Delphi.
       Final resting place for
          you, killed by a pony.


Vanquished creatures:
  a pony
  a fog cloud
  a gnome leader
  2 floating eyes
  a centipede
 an iguana
  a coyote
  2 gas spores
  a hobbit
  a large kobold
  a hobgoblin
  a red mold
  3 gnome zombies
  a gecko
  7 jackals
  a fox
  3 goblins
  2 sewer rats
  5 grid bugs
  a lichen
  3 newts
40 creatures vanquished.

No species were genocided or became extinct.

Game over:
                       ----------
                      /          \
                     /    REST    \
                    /      IN      \
                   /     PEACE      \
                  /                  \
                  |    ArrBianca     |
                  |      850 Au      |
                  | killed by a pony |
                  |                  |
                  |                  |
                  |                  |
                  |       2026       |
                 *|     *  *  *      | *
        _________)/\\_//(\/(/\)/\//\/|_)_______

Aloha ArrBianca the Tourist...

You died in The Dungeons of Doom on dungeon level 5 with 826 points,
and 850 pieces of gold, after 1776 moves.
You were level 4 with a maximum of 39 hit points when you died.

